 Dungeon Crawl Stone Soup version 0.27-a0-1177-g245c70e1c0 (webtiles) character file.

Game seed: 13399504133735365817

88 wafflestompin the Sneak (level 4, 0/21 HPs)
             Began as a Spriggan Enchanter on May 16, 2021.
             Slain by a quokka (5 damage)
             ... on level 3 of the Dungeon.
             The game lasted 00:10:55 (3400 turns).

wafflestompin the Sneak (Spriggan Enchanter)        Turns: 3400, Time: 00:10:56

Health: 0/21       AC:  2    Str:  4    XL:     4   Next: 29%
Magic:  5/10       EV: 17    Int: 23    God:
Gold:   90         SH:  0    Dex: 15    Spells: 6/9 levels left

rFire    . . .     SeeInvis +   a - +1 dagger
rCold    . . .     Faith    .   (shield restricted)
rNeg     . . .     Spirit   .   l - +0 robe
rPois    .         Reflect  .   (helmet restricted)
rElec    .         Harm     .   (no cloak)
rCorr    .         Rampage  .   (gloves unavailable)
Will     .....                  (boots unavailable)
Stlth    +++.......             (no amulet)
HPRegen  0.07/turn              h - +6 ring of intelligence
MPRegen  0.12/turn              (no ring)

@: very quick
A: very small, no large weapons, unfitting armour, see invisible, speed 3
a: no special abilities


You were on level 3 of the Dungeon.
You visited 1 branch of the dungeon, and saw 3 of its levels.

You collected 90 gold pieces.

Inventory:

Hand Weapons
 a - a +1 dagger (weapon)
 b - a +0 hunting sling
Missiles
 e - 44 stones
Armour
 l - a +0 robe (worn)
Jewellery
 f - a ring of protection from fire
 h - a +6 ring of intelligence (left hand)
 j - a ring of ice
Scrolls
 c - 2 scrolls of noise {unknown}
 d - a scroll of fog {unknown}
 g - a scroll of identify {unknown}
 i - a scroll of brand weapon {unknown}
 m - a scroll of teleportation {unknown}
Potions
 k - a potion of invisibility {unknown}


   Skills:
 + Level 0.3 Fighting
 + Level 1.2 Short Blades
 + Level 3.1 Dodging
 + Level 5.7 Stealth
 + Level 3.4 Spellcasting
 + Level 4.3 Hexes
 + Level 0.9 Ice Magic


You had 6 spell levels left.
You knew the following spells:

 Your Spells              Type           Power      Damage    Failure   Level
a - Corona                Hex            25%        N/A       1%          1
b - Ensorcelled Hibernat  Hex/Ice        30%        N/A       6%          2

Your spell library contained the following spells:

 Spells                   Type           Power      Damage    Failure   Level
 Confusing Touch          Hex            23%        N/A       5%          3
 Tukima's Dance           Hex            23%        N/A       5%          3
 Dazzling Flash           Conj/Hex       26%        N/A       14%         3


Dungeon Overview and Level Annotations

Branches:
Dungeon (3/15)

Altars:


Innate Abilities, Weirdness & Mutations

You are very small and have problems with some larger weapons.
You are too small for most types of armour.
You have supernaturally acute eyesight. (SInv)
You cover ground extremely quickly. (Speed+++)


Message History

You are frozen.
The giant cockroach misses you.
You see here 14 gold pieces.
You now have 76 gold pieces (gained 14).
The giant cockroach bites you but does no damage.
A frilled lizard comes into view.
You see here 14 gold pieces.
You now have 90 gold pieces (gained 14).
The endoplasm misses you.
Aiming: Ensorcelled Hibernation (safe; 6% risk of failure)
Press: ? - help, Q - select action, (/) - cycle Shift-Dir - straight line, f/p - endoplasm
Aim: an endoplasm (chance to affect: 63%)
The frilled lizard resists with significant effort.
Aiming: Ensorcelled Hibernation (safe; 6% risk of failure)
Press: ? - help, Q - select action, (/) - cycle Shift-Dir - straight line, f/p - endoplasm
Aim: an endoplasm (chance to affect: 63%)
The frilled lizard looks drowsy...
A quokka comes into view.
Found a crooked smoking staff.
Found a tower shield.
The quokka closely misses you.
You miss the quokka. The quokka completely misses you.
You hit the quokka.
The quokka is lightly wounded.
The quokka misses you.
You barely miss the quokka.
The quokka is lightly wounded.
The quokka closely misses you.
You closely miss the quokka.
The quokka is lightly wounded.
The quokka misses you.
You hit the quokka.
The quokka is heavily wounded.
The quokka bites you.
You hit the quokka.
The quokka is severely wounded.
The quokka bites you.
* * * LOW HITPOINT WARNING * * *
The quokka bites you.
You die...

######## #......#
#........ #..[...#
.........
#..r...###..##.......
#...@......# #.......
#......##### #......
#......#### #.....
#.|.......########...
#......##.....lJK..B.
#......#############.
######## ## # #


You could see a quokka.

Vanquished Creatures
  3 adders (D:2)
  A worm (D:2)
  4 dart slugs
  2 endoplasms
  7 goblins
  6 hobgoblins
  6 jackals
  A quokka (D:2)
  3 ball pythons
  5 bats
  A frilled lizard (D:1)
  2 kobolds
  6 rats
47 creatures vanquished.

Vanquished Creatures (others)
  5 fungi (D:2)
  4 plants (D:2)
9 creatures vanquished.

Grand Total: 56 creatures vanquished

Notes
Turn   | Place    | Note
-------+----------+-------------------------------------------
     0 | D:1      | wafflestompin the Spriggan Enchanter began the quest for
                  | the Orb.
     0 | D:1      | Reached XP level 1. HP: 9/9 MP: 5/5
   255 | D:1      | Reached XP level 2. HP: 10/13 MP: 4/6
   562 | D:1      | Learned a level 2 spell: Ensorcelled Hibernation
  1476 | D:1      | Reached skill level 5 in Stealth
  1607 | D:2      | Reached XP level 3. HP: 16/16 MP: 3/8
  2096 | D:2      | Found a faded altar of an unknown god.
  2445 | D:2      | Reached XP level 4. HP: 21/21 MP: 10/10
  3400 | D:3      | Slain by a quokka

Illustrated notes

Levels and vault maps discovered:
D:1:      dpeg_arrival_stonehenge_12_columns, layout_rooms,
          minmay_strange_pillars
D:2:      layout_basic, shapermc_ecumenical_altar_mp_urbaneastern
D:3:      layout_rooms, uniq_robin

Skill      XL: |  1  2 |
---------------+-------+-----
Hexes          | 4 |  4.3
Spellcasting   | 3 |  3.4
Dodging        | 3 |  3.1
Stealth        | 5 |  5.7
Fighting       | |  0.3
Short Blades   | |  1.2
Ice Magic      | |  0.9

Action                   |  1- 3 |  4- 6 || total
-------------------------+-------+-------++-------
Melee: Dagger            |   117 |    46 ||   163
 Cast: Corona            |     5 |       ||     5
       Ensorcelled Hiber |    25 |    10 ||    35
  Use: Potion            |       |     1 ||     1
 Stab: Sleeping          |    20 |     2 ||    22
Armor: Robe              |    16 |     5 ||    21
Dodge: Dodged            |   107 |    42 ||   149

Table legend: (Time is in decaauts)
 A = Elapsed time spent in this place.
 B = Non-inter-level travel time spent in this place.
 C = Inter-level travel time spent in this place.
 D = Time resting spent in this place.
 E = Time spent auto-exploring this place.
 F = Levels seen in this place.
 G = Mean time per level.
                   A        B        C        D        E       F      G
               +--------+--------+--------+--------+--------+-----+--------+
         Total |   2815 |   2745 |     70 |   1225 |   1020 |   3 |  938.3 |
       Dungeon |   2815 |   2745 |     70 |   1225 |   1020 |   3 |  938.3 |
               +--------+--------+--------+--------+--------+-----+--------+

Top non-repeatable levels by time:
     D:2: 1608 daAuts
     D:1: 1163 daAuts
     D:3: 44 daAuts
